 Dungeon Crawl Stone Soup version 0.29.1-15-g9cfb28693d (webtiles) character file.

Game seed: 5569562094208255294

1649 xxxx123va the Spear-Bearer (level 8, -1/87 (96) HPs)
             Began as a Minotaur Berserker on Apr 1, 2023.
             Was an Elder of Trog.
             Slain by a wight
             ... wielding a +3 spear of freezing
              (5 damage)
             ... on level 6 of the Dungeon.
             The game lasted 00:19:02 (4911 turns).

xxxx123va the Spear-Bearer (Minotaur Berserker)     Turns: 4911, Time: 00:19:02

HP:   -1/87 (96)    AC: 16    Str: 24    XL:     8   Next: 67%
MP:   6/6           EV: 10    Int:  4    God:    Trog [****..]
Gold: 325           SH:  0    Dex: 10    Spells: 7/7 levels left

rFire   . . .      SeeInvis +   d - +3 long sword (freeze)
rCold   + . .      Faith    .   (no shield)
rNeg    . . .      Spirit   .   n - +3 scale mail of the Teacher {SInv}
rPois   .          Reflect  .   e - +2 hat
rElec   .          Harm     .   r - +1 cloak
rCorr   .          Rampage  .   (no gloves)
Will    +....                   a - +2 pair of boots
Stlth   ..........              l - amulet of regeneration
HPRegen 1.04/turn               j - ring of ice
MPRegen 0.10/turn               (no ring)

@: berserking, drained, very quick
A: horns 2, retaliatory headbutt, fire resistance 1, low MP 1, strong-willed 1
a: Renounce Religion, Berserk, Trog's Hand, Brothers in Arms


You were on level 6 of the Dungeon.
You worshipped Trog.
Trog was greatly pleased with you.
You visited 1 branch of the dungeon, and saw 6 of its levels.
You also visited: Sewer.

You collected 325 gold pieces.

Inventory:

Hand Weapons
 d - a +3 long sword of freezing (weapon)
Missiles
 c - 98 stones
 g - 21 poisoned darts
 o - a throwing net
 q - 6 atropa-tipped darts
Armour
 a - a +2 pair of boots (worn)
 e - a +2 hat (worn)
 n - the +3 scale mail of the Teacher (worn) {SInv}
   (You found it on level 5 of the Dungeon)

   SInv:      It lets you see invisible.
 r - a +1 cloak (worn)
Jewellery
 j - a ring of ice (left hand)
 l - an amulet of regeneration (around neck)
Scrolls
 i - a scroll of magic mapping (quivered)
Potions
 b - 2 potions of heal wounds
 f - 3 potions of haste
 h - a potion of invisibility
 k - a potion of cancellation
 p - a potion of attraction
 s - 2 potions of curing
 t - a potion of resistance


   Skills:
 - Level 3.6 Fighting
 + Level 3.2 Long Blades
 - Level 8.1(10.4) Axes
 - Level 10.3(11.5) Polearms
 - Level 2.4 Armour
 - Level 2.1 Dodging
 - Level 0.5 Stealth


You had 7 spell levels left.
You didn't know any spells.
Your spell library was empty.

Dungeon Overview and Level Annotations

Branches:
Dungeon (6/15)             Temple (0/1) D:5           Sewer (visited)

Altars:
Sif Muna

Shops:
D:5 [[(:


Innate Abilities, Weirdness & Mutations

You have a pair of horns on your head.
You reflexively headbutt those who attack you in melee.
Your flesh is heat resistant. (rF+)
Your magical capacity is low. (-10% MP)
You are strong-willed. (Will+)


Message History

The wight hits you from afar with a +3 spear of freezing!
You feel drained. The wight freezes you. The wight barely misses you.
The wight hits you but does no damage.
The wight hits you from afar with a +3 spear of freezing!
The wight freezes you.
You are too injured to fight recklessly!
You closely miss the wight. You punch the wight, but do no damage.
The wight is almost destroyed.
The wight hits you from afar with a +5 spear.
You feel drained. The wight hits you but does no damage.
The wight barely misses you.
You hit the wight but do no damage. You headbutt the wight.
You destroy the wight!
Trog accepts your kill. The wight closely misses you.
The wight hits you from afar with a +3 spear of freezing.
Your Long Blades skill increases to level 3!
The wight hits you but does no damage. x2
You hit the wight.
The wight is lightly damaged.
The wight hits you with a +5 spear! The wight hits you but does no damage.
You barely miss the wight.
The wight is lightly damaged.
The wight closely misses you. You furiously retaliate!
You headbutt the wight, but do no damage.
The wight hits you with a +3 spear of freezing.
* * * LOW HITPOINT WARNING * * *
The wight freezes you.
* * * LOW HITPOINT WARNING * * *
The wight hits you but does no damage.
The wight hits you with a +3 spear of freezing!
* * * LOW HITPOINT WARNING * * *
You feel drained.
* * * LOW HITPOINT WARNING * * *
A red film seems to cover your vision as you go berserk!
You feel yourself moving faster!
You feel mighty! The wight hits you with a +5 spear!
* * * LOW HITPOINT WARNING * * *
The wight hits you with a +3 spear of freezing.
You die...

... ... .... .....
.....## .......
......z##### ..
......z@...##########...
.....##.)..##...........
...#.##....##..........#
# .......^.)............
.#.#######...........# #
#....#...........# #.
#.##.#...........#
#.##.##.#..>........#
#.#.......#.#'#<###.#.#


You could see 2 wights.

Vanquished Creatures
  An ice beast (D:4)
  A black bear (D:5)
  2 phantoms
  3 kobold brigands (Sewer)
  A necrophage (D:5)
  4 scorpions
  8 wights (D:6)
  2 hounds
  2 iguanas (D:5)
  3 orc wizards (D:5)
  4 gnolls (D:5)
  4 adders
  An ufetubus (D:5)
  A worm (D:4)
  A dart slug (D:3)
  12 orcs
  7 bats
  8 endoplasms
  5 giant cockroaches
  6 goblins
  10 hobgoblins
  2 jackals (D:1)
  16 kobolds
  8 quokkas
  8 ball pythons
  4 frilled lizards
  4 rats
128 creatures vanquished.

Vanquished Creatures (others)
  A fungus (Sewer)
  4 plants (Sewer)
5 creatures vanquished.

Grand Total: 133 creatures vanquished

Notes
Turn   | Place    | Note
-------+----------+-------------------------------------------
     0 | D:1      | xxxx123va the Minotaur Berserker began the quest for the
                  | Orb.
     0 | D:1      | Reached XP level 1. HP: 19/19 MP: 0/0
   252 | D:1      | Reached XP level 2. HP: 26/26 MP: 1/1
  1080 | D:2      | Reached skill level 5 in Axes
  1193 | D:2      | Reached XP level 3. HP: 31/31 MP: 2/2
  1769 | D:3      | Found a glowing drain.
  1778 | D:3      | Reached ** piety under Trog
  1811 | Sewer    | Entered a sewer
  2169 | Sewer    | Noticed a kobold brigand
  2169 | Sewer    | Noticed a kobold brigand
  2169 | Sewer    | Noticed a kobold brigand
  2176 | Sewer    | Killed a kobold brigand
  2177 | Sewer    | Reached XP level 4. HP: 39/39 MP: 3/3
  2178 | Sewer    | Killed a kobold brigand
  2179 | Sewer    | Reached XP level 5. HP: 45/45 MP: 4/4
  2181 | Sewer    | Reached XP level 6. HP: 51/51 MP: 5/5
  2558 | D:3      | Found a faded altar of an unknown god.
  3160 | D:4      | Noticed an ice beast
  3167 | D:4      | Killed an ice beast
  3168 | D:4      | Reached skill level 2 in Polearms
  3169 | D:4      | Reached skill level 3 in Polearms
  3245 | D:4      | Reached skill level 4 in Polearms
  3355 | D:4      | You fall into a shaft and drop 2 floors!
  3387 | D:5      | Entered Level 5 of the Dungeon
  3391 | D:5      | Found a staircase to the Ecumenical Temple.
  3404 | D:5      | Reached *** piety under Trog
  3405 | D:5      | Reached XP level 7. HP: 57/57 MP: 6/6
  3425 | D:5      | Reached skill level 5 in Polearms
  3546 | D:4      | Reached skill level 6 in Polearms
  4061 | D:4      | Gained mutation: You are strong-willed. (Will+) [potion of
                  | mutation]
  4061 | D:4      | Gained mutation: Your flesh is heat resistant. (rF+)
                  | [potion of mutation]
  4061 | D:4      | Gained mutation: Your magical capacity is low. (-10% MP)
                  | [potion of mutation]
  4206 | D:5      | Found Zycass's Armour Shop.
  4210 | D:5      | Identified the +3 scale mail of the Teacher {SInv}
  4314 | D:5      | Reached skill level 7 in Polearms
  4432 | D:5      | Reached skill level 8 in Polearms
  4476 | D:5      | Reached XP level 8. HP: 64/64 MP: 6/6
  4537 | D:5      | Found a shimmering blue altar of Sif Muna.
  4568 | D:5      | Found Awkoav's Antique Weapon Boutique.
  4635 | D:5      | Found Moneohef's Book Shop.
  4664 | D:5      | Found Yruxowa's Antique Armour Shop.
  4675 | D:5      | Reached **** piety under Trog
  4676 | D:5      | Reached skill level 9 in Polearms
  4809 | D:6      | Reached skill level 10 in Polearms
  4856 | D:6      | Reached skill level 1 in Long Blades
  4911 | D:6      | HP: 4/87 [wight/+5 spear (7)]
  4911 | D:6      | Slain by a wight

Illustrated notes

Levels and vault maps discovered:
D:1:      dpeg_arrival_pits, layout_basic
D:2:      layout_basic
D:3:      layout_basic, shapermc_ecumenical_altar_ellora, portal_sewer_entry_f,
          minmay_misc_feat_encased, chequers_serial_rivers_room_a
D:4:      layout_basic, kennysheep_generic_room_3
D:5:      layout_gridville, led_sif_pool, minmay_temple_entry_waves,
          serial_shops, shop, nicolae_stop_n_shop_1, nicolae_shop_waterfront,
          nicolae_square_shop
D:6:      layout_basic

Skill      XL: |  1  2  3  4  5  6  7  8 |
---------------+-------------------------+-----
Axes           | 4 5 6 7 8 |  8.1
Polearms       | 4 8 10 | 10.3
Long Blades    | 3 |  3.2
Fighting       | |  3.6
Armour         | |  2.4
Dodging        | |  2.1
Stealth        | |  0.5

Action                   |  1- 3 |  4- 6 |  7- 9 || total
-------------------------+-------+-------+-------++-------
Melee: Hand axe          |   119 |    15 |       ||   134
       Headbutt          |    13 |     3 |    21 ||    37
       Glaive            |       |    46 |   119 ||   165
       Long sword        |       |       |    21 ||    21
       Punch             |       |       |     1 ||     1
Invok: Berserk           |     1 |       |     1 ||     2
  Use: Scroll            |     6 |     5 |     3 ||    14
       Potion            |     2 |     6 |     1 ||     9
Armor: Scale mail        |    38 |    35 |    89 ||   162
       Animal skin       |     3 |       |       ||     3
Dodge: Dodged            |    63 |    46 |    90 ||   199
